 Dungeon Crawl Stone Soup version 0.26-a0-651-gb41185065b (webtiles) character file.

Game seed: 1856078266162401426

(classic levelgen) 16009 EnegeticOcto the Cleaver (level 12, -13/110 HPs)
             Began as a Deep Dwarf Fighter on Oct 9, 2020.
             Was an Elder of Makhleb.
             Mangled by a red ugly thing (18 damage)
             ... on level 14 of the Dungeon.
             The game lasted 00:06:18 (7468 turns).

EnegeticOcto the Cleaver (Deep Dwarf Fighter)       Turns: 7468, Time: 00:06:19

Health: -13/110    AC: 22    Str: 23    XL:     12   Next: 6%
Magic:  5/5        EV:  6    Int:  9    God:    Makhleb [****..]
Gold:   326        SH: 17    Dex: 13    Spells: 11/11 levels left

rFire    . . .     SeeInvis .   a - +1 war axe
rCold    . . .     Faith    .   c - +0 kite shield
rNeg     + . .     Spirit   .   q - +0 plate armour
rPois    +         Reflect  +   (no helmet)
rElec    .         Harm     .   o - +2 ratskin cloak {*Rats rPois rN+ Str-1 Int-1 Dex+1}
rCorr    .         Rampage  .   s - +2 pair of gloves
MR       +....                  v - +0 pair of boots
Stlth    ..........             d - amulet of reflection
HPRegen  0.00/turn              (no ring)
MPRegen  0.09/turn              (no ring)

@: non-regenerating
A: damage resistance, heal wounds, sense surroundings 2, no regeneration
a: Heal Wounds, Minor Destruction, Lesser Servant of Makhleb, Major Destruction,
Renounce Religion


You were on level 14 of the Dungeon.
You worshipped Makhleb.
Makhleb was greatly pleased with you.
You visited 2 branches of the dungeon, and saw 15 of its levels.
You also visited: Sewer.

You collected 776 gold pieces.
You spent 450 gold pieces at shops.

Inventory:

Hand Weapons
 a - a +1 war axe (weapon)
Armour
 c - a +0 kite shield (worn)
 o - the +2 ratskin cloak (worn) {*Rats rPois rN+ Str-1 Int-1 Dex+1}
   (You found it on level 7 of the Dungeon)

   It affects your strength (-1).
   It affects your intelligence (-1).
   It affects your dexterity (+1).
   It protects you from poison.
   It protects you from negative energy.
 q - a +0 plate armour (worn)
 s - a +2 pair of gloves (worn)
 v - a +0 pair of boots (worn)
Jewellery
 d - an amulet of reflection (around neck)
 D - an uncursed ring of stealth {unknown}
Wands
 p - a wand of digging (3) {@v3}
 w - a wand of enslavement (6)
 z - a wand of iceblast (10) {@v2}
 A - a wand of acid (2) {@v1}
Scrolls
 j - 2 scrolls of fear
 m - 2 scrolls of fog
 y - 3 scrolls of teleportation {@r3}
 B - a scroll of magic mapping {@r5}
 C - 4 scrolls of remove curse {@r2}
Potions
 b - a potion of lignification {unknown}
 e - 8 potions of heal wounds {@q2}
 f - 4 potions of berserk rage
 g - a potion of invisibility
 h - 2 potions of might {@q3}
 i - 2 potions of flight
 k - 4 potions of magic
 l - 2 potions of haste {@q4}
 n - 2 potions of cancellation
 r - 5 potions of curing {@q1}
 t - 3 potions of resistance {@q6}
 u - a potion of stabbing {unknown}
 x - a potion of degeneration {unknown}


   Skills:
 + Level 8.1 Fighting
 * Level 12.8 Axes
 + Level 9.8 Armour
 + Level 9.8 Shields
 + Level 8.7 Invocations


You had 11 spell levels left.
You didn't know any spells.
Your spell library was empty.

Dungeon Overview and Level Annotations

Branches:
Dungeon (13/15)            Temple (1/1) D:7            Lair (0/6) D:8
    Orc (0/2) D:9           Sewer (visited)
 Vaults: D:13-14

Altars:
Ashenzari
Cheibriados
Dithmenos
Elyvilon
Fedhas
Gozag
Hepliaklqana
Kikubaaqudgha
Makhleb
Nemelex Xobeh
Okawaru
Qazlal
Ru
Sif Muna
Trog
Uskayaw
Vehumet
Wu Jian
Xom
Yredelemnul
Zin
The Shining One

Shops:
D:13 !

Portals:
Abyss: D:10

Annotations:
D:10 2 transporters, lorenzova's ghost, novice DECj


Innate Abilities, Weirdness & Mutations

You are resistant to damage.
You can heal yourself by infusing magical energy.
You passively map the area around you.
You do not regenerate.


Message History

You hit the purple ugly thing. You hit the red ugly thing.
You hit the cyan ugly thing. The cyan ugly thing barely misses you.
You block the red ugly thing's attack. The green ugly thing tail-slaps you.
There are monsters nearby!
There are monsters nearby!
There are monsters nearby!
You hit the cyan ugly thing.
The cyan ugly thing is almost dead.
You closely miss the purple ugly thing. You slash the green ugly thing!
Your shield prevents you from hitting the red ugly thing.
You barely miss the cyan ugly thing.
The purple ugly thing claws you but does no damage.
The cyan ugly thing bites you but does no damage.
The red ugly thing completely misses you.
The green ugly thing tail-slaps you but does no damage.
There are monsters nearby!
You closely miss the cyan ugly thing.
The cyan ugly thing is almost dead.
You slash the cyan ugly thing!
You hit the red ugly thing but do no damage.
You hit the green ugly thing.
You hit the purple ugly thing but do no damage.
The purple ugly thing claws you but does no damage.
You block the cyan ugly thing's attack.
The cyan ugly thing bites you but does no damage.
The red ugly thing barely misses you.
You hit the cyan ugly thing.
The cyan ugly thing is almost dead.
You hit the cyan ugly thing but do no damage.
You barely miss the red ugly thing. You hit the green ugly thing.
You hit the purple ugly thing.
The green ugly thing basks in the mutagenic energy from its kin and changes!
The purple ugly thing claws you but does no damage.
You block the cyan ugly thing's attack.
The red ugly thing kicks you but does no damage.
You closely miss the cyan ugly thing.
The cyan ugly thing is almost dead.
Your plate armour prevents you from hitting the cyan ugly thing.
You hit the cyan ugly thing.
You hit the purple ugly thing but do no damage.
You hit the red ugly thing. x2
The cyan ugly thing basks in the mutagenic energy from its kin and changes!
You block the purple ugly thing's attack.
You block the cyan ugly thing's attack. The cyan ugly thing tentacle-slaps you!
The cyan ugly thing shocks you!
The red ugly thing kicks you but does no damage.
You hit the green ugly thing but do no damage.
The green ugly thing is almost dead.
You hit the cyan ugly thing but do no damage.
You closely miss the cyan ugly thing.
You hit the purple ugly thing but do no damage.
You barely miss the red ugly thing. You hit the red ugly thing.
You block the purple ugly thing's attack.
The cyan ugly thing barely misses you.
The cyan ugly thing tentacle-slaps you but does no damage.
The red ugly thing kicks you!
You are engulfed in flames!!
You are too injured to fight recklessly!
You are too injured to fight recklessly!
You are too injured to fight recklessly!
You are too injured to fight recklessly!
You are too injured to fight recklessly!
You are too injured to fight recklessly!
You are too injured to fight recklessly!
You are too injured to fight recklessly!
You are too injured to fight recklessly!
You are too injured to fight recklessly!
You are too injured to fight recklessly!
You are too injured to fight recklessly!
You are too injured to fight recklessly!
You are too injured to fight recklessly!
You are too injured to fight recklessly!
You are too injured to fight recklessly!
You are too injured to fight recklessly!
You are too injured to fight recklessly!
You are too injured to fight recklessly!
You are too injured to fight recklessly!
You are too injured to fight recklessly!
You are too injured to fight recklessly!
The red ugly thing pecks you!
* * * LOW HITPOINT WARNING * * *
You are engulfed in flames!
* * * LOW HITPOINT WARNING * * *
You block the purple ugly thing's attack.
The cyan ugly thing barely misses you. You block the cyan ugly thing's attack.
The red ugly thing kicks you but does no damage.
You block the green ugly thing's attack.
The red ugly thing pecks you but does no damage.
The purple ugly thing claws you!
* * * LOW HITPOINT WARNING * * *
The cyan ugly thing engulfs you but does no damage.
You block the cyan ugly thing's attack. You block the red ugly thing's attack.
You block the green ugly thing's attack.
The red ugly thing pecks you but does no damage.
The purple ugly thing claws you but does no damage.
The cyan ugly thing engulfs you but does no damage.
The cyan ugly thing basks in the mutagenic energy from its kin and changes!
The red ugly thing kicks you!
* * * LOW HITPOINT WARNING * * *
You are engulfed in flames!!
You die...

, , , , ,,, ,*
#.....!. ** ,*
#......, , , , *
#...... ....#, *
#...... , ....#
#.....#####...# *
#....u#...#...#, ,, ,
#...uu#...#...# ,
#..su@u...#...# , *
#...uu##'##.^.# , *
#.............#,
#.............#####*
#...................
#...................
#....................
#....................
####################.


You could see 7 ugly things and a scorpion.

Vanquished Creatures
  2 two-headed ogres
  A centaur warrior (D:13)
  3 death yaks (D:8)
  The ghost of EnegeticOcto the Cleaver, a novice DDFi of Makhleb (D:7)
  An unseen horror (D:11)
  An ugly thing (D:12)
  A deep elf mage (D:13)
  A cyclops (D:12)
  2 centaur skeletons
  2 trolls
  A hornet (D:13)
  A steam dragon (D:12)
  Menkaure (D:7)
  2 soldier ants (D:12)
  2 acid dragons
  A porcupine (D:8)
  2 black bears
  A sky beast (D:5)
  6 orc warriors
  A phantom (D:10)
  3 ogres
  4 centaurs
  A big kobold (D:13)
  10 bullfrogs
  A wyvern zombie (D:9)
  5 scorpions
  10 wights
  7 killer bees
  8 howler monkeys
  A bullfrog zombie (D:6)
  3 centaur zombies
  A quasit (D:12)
  5 orc priests
  5 hounds
  6 jellies
  2 bullfrog skeletons
  20 orc wizards
  5 iguanas
  2 hell rats
  7 worker ants
  2 hound skeletons
  2 howler monkey zombies
  A worker ant zombie (D:10)
  15 adders
  10 gnolls
  A howler monkey skeleton (D:9)
  7 river rats
  2 shadow imps
  2 white imps
  2 ufetubi
  14 oozes (Sewer)
  An adder zombie (D:5)
  A worm (D:4)
  A dart slug (D:5)
  18 leopard geckos
  41 orcs
  18 giant cockroaches
  A goblin (D:1)
  3 hobgoblins
  9 jackals
  8 kobolds
  2 quokkas
  9 ball pythons
  A bat (D:2)
  15 frilled lizards
  A jackal skeleton (D:8)
  A leopard gecko zombie (D:6)
  17 rats
344 creatures vanquished.

Vanquished Creatures (collateral kills)
  Snorg (D:11)
  A hydra (D:13)
  A two-headed ogre (D:11)
  A warg (D:9)
  A phantom (D:11)
  2 killer bees (D:11)
  A howler monkey (D:11)
  An orc wizard (D:9)
9 creatures vanquished.

Grand Total: 353 creatures vanquished

Notes
Turn   | Place    | Note
-------+----------+-------------------------------------------
     0 | D:1      | EnegeticOcto the Deep Dwarf Fighter began the quest for the
                  | Orb.
     0 | D:1      | Reached XP level 1. HP: 20/20 MP: 1/1
   106 | D:1      | Reached XP level 2. HP: 27/27 MP: 2/2
   143 | D:2      | Found a hide-covered altar of Uskayaw.
   203 | D:2      | Reached skill level 3 in Axes
   203 | D:2      | Reached XP level 3. HP: 31/34 MP: 3/3
   414 | D:4      | Noticed an ogre
   416 | D:4      | Reached XP level 4. HP: 31/42 MP: 4/4
   429 | D:4      | Reached skill level 4 in Axes
   429 | D:4      | Reached XP level 5. HP: 28/49 MP: 4/4
   445 | D:4      | Killed an ogre
   445 | D:4      | Reached XP level 6. HP: 29/57 MP: 3/3
   604 | D:5      | Entered Level 5 of the Dungeon
   682 | D:5      | Found a glowing drain.
   700 | Sewer    | Entered a sewer
   706 | Sewer    | Reached skill level 5 in Axes
  1024 | Sewer    | Reached XP level 7. HP: 49/64 MP: 4/4
  1033 | Sewer    | Reached skill level 5 in Armour
  1033 | Sewer    | Reached skill level 5 in Shields
  1086 | D:5      | Reached skill level 6 in Axes
  1442 | D:5      | Reached XP level 8. HP: 54/73 MP: 5/5
  1448 | D:5      | Reached skill level 7 in Axes
  1805 | D:6      | Reached skill level 5 in Fighting
  2216 | D:6      | Reached skill level 8 in Axes
  2617 | D:7      | Found a staircase to the Ecumenical Temple.
  2662 | Temple   | Entered the Ecumenical Temple
  2822 | Temple   | Became a worshipper of Makhleb the Destroyer
  2882 | D:7      | Noticed Menkaure
  2894 | D:7      | Killed Menkaure
  2894 | D:7      | Reached skill level 1 in Invocations
  2894 | D:7      | Gained mutation: You passively map the area around you.
                  | [Deep Dwarf growth]
  2894 | D:7      | Reached XP level 9. HP: 37/81 MP: 6/6
  3037 | D:7      | Found a runed translucent door.
  3039 | D:7      | Noticed EnegeticOcto's ghost (novice DDFi)
  3280 | D:7      | Found the +2 ratskin cloak {*Rats rPois rN+ Str-1 Int-1
                  | Dex+1}
  3286 | D:7      | Reached * piety under Makhleb
  3443 | D:7      | Killed EnegeticOcto's ghost
  3443 | D:7      | Reached skill level 9 in Axes
  3572 | D:8      | Noticed a death yak
  3572 | D:8      | Noticed a death yak
  3573 | D:8      | Found a staircase to the Lair.
  3573 | D:8      | Noticed a death yak
  3600 | D:8      | Killed a death yak
  3603 | D:8      | Killed a death yak
  3603 | D:8      | Reached skill level 10 in Axes
  3603 | D:8      | Reached XP level 10. HP: 22/92 MP: 3/5
  3616 | D:8      | Killed a death yak
  3616 | D:8      | Reached skill level 5 in Invocations
  3680 | D:8      | Noticed a two-headed ogre
  3688 | D:8      | Killed a two-headed ogre
  3902 | D:8      | Reached ** piety under Makhleb
  4180 | D:9      | Reached skill level 11 in Axes
  4368 | D:9      | Found a staircase to the Orcish Mines.
  4757 | D:10     | Entered Level 10 of the Dungeon
  4878 | D:10     | Reached *** piety under Makhleb
  5105 | D:10     | Noticed a toenail golem
  5115 | D:10     | Found a one-way gate to the infinite horrors of the Abyss.
  5115 | D:10     | Noticed lorenzova's ghost (novice DECj)
  5121 | D:10     | Found a transporter.
  5134 | D:10     | Noticed a rakshasa
  5135 | D:10     | Identified the +8 flail "Xaitentu" {distort, +Blink MP+9}
  5135 | D:10     | Noticed a skeletal warrior
  5142 | D:10     | Found a transporter.
  5242 | D:10     | Noticed a hell hog
  5379 | D:10     | Found a shadowy altar of Dithmenos.
  5465 | D:11     | Reached XP level 11. HP: 57/100 MP: 5/5
  5543 | D:11     | Noticed a two-headed ogre
  5554 | D:11     | Killed a two-headed ogre
  5574 | D:11     | Got a spiked cloak
  5584 | D:11     | Identified the +0 cloak of Intercession {Str+3 Dex+2} (You
                  | found it on level 11 of the Dungeon)
  5667 | D:11     | Noticed a two-headed ogre
  5682 | D:11     | Killed a two-headed ogre
  5840 | D:11     | Reached **** piety under Makhleb
  5978 | D:11     | Killed an unseen horror
  5978 | D:11     | Reached skill level 12 in Axes
  6240 | D:11     | Noticed Snorg
  6255 | D:11     | Killed Snorg
  6376 | D:12     | Noticed a purple ugly thing
  6408 | D:12     | Killed a purple ugly thing
  6792 | D:12     | Found a shimmering altar of Xom.
  6872 | D:13     | Noticed a centaur warrior
  6883 | D:13     | Killed a centaur warrior
  6944 | D:13     | Noticed a four-headed hydra
  6965 | D:13     | Killed a nine-headed hydra
  7064 | D:13     | Reached XP level 12. HP: 108/110 MP: 5/5
  7271 | D:13     | Found Egin's Distillery.
  7275 | D:13     | Bought a potion of haste for 150 gold pieces
  7275 | D:13     | Bought a potion of resistance for 150 gold pieces
  7275 | D:13     | Bought a potion of haste for 150 gold pieces
  7438 | D:13     | You fall into a shaft and drop 1 floor!
  7468 | D:14     | HP: 5/110 [red ugly thing (5)]
  7468 | D:14     | Mangled by a red ugly thing

Illustrated notes

Levels and vault maps discovered:
D:1:      kennysheep_arrival_forest, layout_rooms, minmay_split_cup_small
D:2:      layout_loops_cross, nicolae_overflow_hidden_temple, minmay_ruptured,
          uniq_crazy_yiuf_cottage, uniq_sigmund
D:3:      layout_basic, minmay_three_crescents, uniq_jessica
D:4:      layout_basic, serial_glass, glass_columns_a, glass_columns_a
D:5:      layout_basic, portal_sewer_entry_a
D:6:      layout_basic
D:7:      wander_guarded_unrand_ratskin, layout_cave_pools,
          minmay_temple_entry_slanted, ebering_ghost_reflecting_pool,
          uniq_menkaure
D:8:      layout_loops_ring, dpeg_lair_monsters, minivault_19
D:9:      layout_basic, david_orc_3
D:10:     layout_stronghold, gammafunk_ghost_abyssal_escape,
          eino_small_chamber_without_monster, nicolae_dithmenos_the_darkroom
D:11:     layout_basic, uniq_snorg
D:12:     layout_rooms, basic_altar, kennysheep_generic_room_14
D:13:     layout_basic, serial_shops, shop
D:14:     dragon1_lemuel, layout_irregular_city, erik_vaults_2, serial_shops,
          shop, chequers_arboretum
Temple:   kilobyte_greek_temple

Skill      XL: |  1  2  3  4  5  6  7  8  9 10 11 |
---------------+----------------------------------+-----
Fighting       | 3 4 5 6 7 8 |  8.1
Axes           | 3 4 5 6 8 10 11 12 | 12.8
Armour         | 4 5 6 7 8 9 |  9.8
Shields        | 4 5 6 7 8 9 |  9.8
Invocations    | 1 4 6 8 |  8.7

Action                   |  1- 3 |  4- 6 |  7- 9 | 10-12 || total
-------------------------+-------+-------+-------+-------++-------
Melee: War axe           |    93 |   238 |   435 |   616 ||  1382
Invok: Lesser Servant of |       |       |       |     2 ||     2
 Abil: Heal Wounds       |       |     6 |    20 |    19 ||    45
Evoke: Wand              |       |       |       |     3 ||     3
  Use: Scroll            |       |       |    10 |    11 ||    21
       Potion            |       |       |     2 |       ||     2
Armor: Scale mail        |    42 |   116 |    36 |       ||   194
       Plate armour      |       |       |   183 |   408 ||   591
Dodge: Dodged            |    24 |    81 |    81 |   123 ||   309
Block: Kite shield       |    55 |   163 |   271 |   620 ||  1109
       Reflection        |       |       |       |    13 ||    13

Table legend: (Time is in decaauts)
 A = Elapsed time spent in this place.
 B = Non-inter-level travel time spent in this place.
 C = Inter-level travel time spent in this place.
 D = Time resting spent in this place.
 E = Time spent auto-exploring this place.
 F = Levels seen in this place.
 G = Mean time per level.
                   A        B        C        D        E       F      G
               +--------+--------+--------+--------+--------+-----+--------+
         Total |   7692 |   7323 |    369 |     25 |   4822 |  16 |  480.8 |
       Dungeon |   7024 |   6716 |    308 |     25 |   4603 |  14 |  501.7 |
        Temple |    194 |    134 |     60 |      0 |    132 |   1 |  194.0 |
         Sewer |    472 |    472 |      0 |      0 |     87 |   1 |  472.0 |
               +--------+--------+--------+--------+--------+-----+--------+

Top non-repeatable levels by time:
    D:11: 927 daAuts
     D:6: 919 daAuts
     D:8: 703 daAuts
     D:7: 699 daAuts
     D:5: 698 daAuts
    D:10: 676 daAuts
     D:9: 590 daAuts
    D:13: 557 daAuts
    D:12: 492 daAuts
   Sewer: 472 daAuts
     D:4: 328 daAuts
     D:2: 195 daAuts
  Temple: 194 daAuts
     D:1: 132 daAuts
     D:3: 75 daAuts
